 Dungeon Crawl Stone Soup version 0.28.0-43-g3370ac3207 (webtiles) character file.

Game seed: 9141650639874409577

101 crimpus the Poker (level 4, -1/37 HPs)
             Began as a Merfolk Berserker on Mar 27, 2022.
             Was a Follower of Trog.
             Slain by a wight
             ... wielding a +0 spear
              (7 damage)
             ... on level 3 of the Dungeon.
             The game lasted 00:02:39 (2851 turns).

crimpus the Poker (Merfolk Berserker)               Turns: 2851, Time: 00:02:40

Health: -1/37      AC:  2    Str: 19      XL:     4   Next: 75%
Magic:  4/4        EV: 12    Int:  6      God:    Trog [*.....]
Gold:   128        SH:  3    Dex: 10 (13) Spells: 3/3 levels left

rFire   . . .      SeeInvis .   a - +0 spear
rCold   . . .      Faith    .   l - +0 buckler
rNeg    . . .      Spirit   .   b - +0 animal skin
rPois   .          Reflect  .   (no helmet)
rElec   .          Harm     .   (no cloak)
rCorr   .          Rampage  .   (no gloves)
Will    .....                   (no boots)
Stlth   +.........              (no amulet)
HPRegen 0.12/turn               (no ring)
MPRegen 0.09/turn               (no ring)

@: on berserk cooldown, slowed, very slow
A: (nimble swimmer 2), mertail
a: Renounce Religion, Berserk


You were on level 3 of the Dungeon.
You worshipped Trog.
Trog was aware of your devotion.
You visited 1 branch of the dungeon, and saw 3 of its levels.

You collected 128 gold pieces.

Inventory:

Hand Weapons
 a - a +0 spear (weapon)
Missiles
 o - a throwing net (quivered)
Armour
 b - a +0 animal skin (worn)
 g - a +0 tower shield
 l - a +0 buckler (worn)
Jewellery
 m - a +6 ring of intelligence
Scrolls
 c - 2 scrolls of teleportation {unknown}
 f - a scroll of enchant weapon {unknown}
 j - a scroll of acquirement {unknown}
 n - a scroll of magic mapping {unknown}
 p - a scroll of immolation {unknown}
Potions
 d - 2 potions of heal wounds
 e - a potion of lignification {unknown}
 h - a potion of attraction {unknown}
 i - a potion of might {unknown}
 k - a potion of magic {unknown}


   Skills:
 * Level 4.2 Fighting
 * Level 6.0 Polearms
 - Level 1.3 Armour
 * Level 3.3 Dodging
 * Level 1.3 Stealth
 * Level 0.5 Shields


You had 3 spell levels left.
You didn't know any spells.
Your spell library was empty.

Dungeon Overview and Level Annotations

Branches:
Dungeon (3/15)

Altars:
Nemelex Xobeh


Innate Abilities, Weirdness & Mutations

((You are very nimble when in or above water. (Stealth+, EV+, Speed+++)))
Your lower body shifts to a powerful aquatic tail in water.


Message History

The wight closely misses you.
You hit the wight but do no damage.
The wight is severely damaged.
The wight misses you.
You hit the wight.
The wight is almost destroyed.
The wight hits you with a +0 flail!
You hit the wight but do no damage.
The wight is almost destroyed.
The wight closely misses you.
You hit the wight but do no damage.
The wight is almost destroyed.
The wight hits you with a +0 flail!
* * * LOW HITPOINT WARNING * * *
You feel drained.
* * * LOW HITPOINT WARNING * * *
You are too injured to fight recklessly!
A red film seems to cover your vision as you go berserk!
You feel yourself moving faster!
You feel mighty! The wight completely misses you.
You puncture the wight!
You destroy the wight!
Trog accepts your kill.
You feel your intelligence returning.
Your life force feels restored.
Your Polearms skill increases to level 6!
Unknown command.
You start resting.
You feel a strong urge to attack something.
You start resting.
You feel your anger nearly subside.
You start resting.
You are no longer berserk.
You are exhausted.
You feel yourself slow down.
You start resting.
A wight comes into view. It is wielding a +0 spear.
A wight is nearby!
A wight is nearby!
The wight hits you from afar with a +0 spear!
You die...

#.######....... ...# #.#
#........########...#
#####.####..)................#
.....#...#..........###..#..#
#####.#...#.................#
#.....#.####..### #.......#
#.#.# #....# #.......# #.#.#
#..#...... #.......#
#>#.####..#...... ##....###
#.#.......# ..... #....#
#.#######.# #8### #.#### ..#
#.# ## ## #.# #.#######.


You could see 2 wights.

Vanquished Creatures
  A wight (D:3)
  Jessica (D:1)
  An adder (D:3)
  2 worms
  4 ball pythons
  An endoplasm (D:2)
  A giant cockroach (D:1)
  7 goblins
  A hobgoblin (D:1)
  3 bats
  2 frilled lizards (D:1)
  A kobold (D:1)
25 creatures vanquished.

Notes
Turn   | Place    | Note
-------+----------+-------------------------------------------
     0 | D:1      | crimpus the Merfolk Berserker began the quest for the Orb.
     0 | D:1      | Reached XP level 1. HP: 18/18 MP: 1/1
   369 | D:1      | Reached XP level 2. HP: 21/24 MP: 2/2
  1108 | D:2      | Noticed Jessica
  1130 | D:1      | Killed Jessica
  1131 | D:1      | Reached skill level 5 in Polearms
  1131 | D:1      | Reached XP level 3. HP: 30/30 MP: 3/3
  1801 | D:2      | Reached skill level 1 in Stealth
  1933 | D:2      | Found a sparkling altar of Nemelex Xobeh.
  2392 | D:3      | Found a faded altar of an unknown god.
  2484 | D:3      | Reached XP level 4. HP: 20/37 MP: 4/4
  2839 | D:3      | Reached skill level 6 in Polearms
  2851 | D:3      | Slain by a wight

Illustrated notes

Levels and vault maps discovered:
D:1:      giann_bridges, layout_loops_corners
D:2:      layout_rooms, basic_altar, minmay_pentomino_z2, uniq_jessica
D:3:      layout_loops_ring, hellmonk_ecumenical_altar_heavens_door,
          chequers_hall_statues_y

Skill      XL: |  1  2  3  4 |
---------------+-------------+-----
Polearms       | 5 6 |  6.0
Dodging        | 3 |  3.3
Fighting       | 4 |  4.2
Stealth        | 1 |  1.3
Armour         | |  1.3
Shields        | |  0.5

Action                   |  1- 3 |  4- 6 || total
-------------------------+-------+-------++-------
Melee: Spear             |    94 |    13 ||   107
Invok: Berserk           |     2 |     1 ||     3
  Use: Potion            |     2 |       ||     2
Armor: Animal skin       |    10 |       ||    10
Dodge: Dodged            |    28 |     9 ||    37
Block: Tower shield      |    20 |       ||    20
       Buckler           |     3 |       ||     3
